 Dungeon Crawl Stone Soup version 0.18-a0-1347-gb9e2fb4 (webtiles) character file.

18 Duffy the Chopper (level 2, -3/18 HPs)
             Began as a Tengu Gladiator on Feb 17, 2016.
             Slain by a goblin
             ... wielding a +0 club
             ... led by Robin
              (5 damage)
             ... on level 2 of the Dungeon.
             The game lasted 00:00:36 (503 turns).

Duffy the Chopper (Tengu Gladiator)                  Turns: 503, Time: 00:00:36

Health: -3/18      AC:  3    Str: 15    XL:     2   Next: 70%
Magic:  3/3        EV: 13    Int:  8    God:
Gold:   35         SH:  0    Dex: 14    Spells: 0 memorised, 1 level left

rFire  . . .     SeeInvis .     a - +0 war axe
rCold  . . .     Gourm    .     b - +0 leather armour
rNeg   . . .     Faith    .     (no shield)
rPois  .         Spirit   .     c - +0 hat
rElec  .         Dismiss  .     (no cloak)
rCorr  .         Reflect  .     (no gloves)
SustAt .         Harm     .     (boots unavailable)
MR     .....                    (no amulet)
Stlth  +.........               (no ring)
                                (no ring)

@: not resistant to hostile enchantments, very unstealthy
A: beak, talons 3
a: no special abilities


You were on level 2 of the Dungeon.
You were not hungry.

You visited 1 branch of the dungeon, and saw 2 of its levels.

You collected 35 gold pieces.


Innate Abilities, Weirdness & Mutations

You have a beak for a mouth.
You have claws for feet.


   Skills:
 + Level 2.4 Fighting
 + Level 4.0 Axes
 - Level 2.0 Throwing
 - Level 3.2 Dodging


You had one spell level left.
You didn't know any spells.

Inventory:

Hand Weapons
 a - a +0 war axe (weapon)
Missiles
 d - 3 throwing nets (quivered)
Armour
 b - a +0 leather armour (worn)
 c - a +0 hat (worn)
Scrolls
 e - a scroll of noise {unknown}
 h - a scroll of magic mapping {unknown}
 i - 2 scrolls of identify {unknown}
 k - 3 scrolls of amnesia {unknown}
 m - a scroll of fear {unknown}
Potions
 j - a potion of cancellation {unknown}
Comestibles
 f - 2 bread rations
 g - a meat ration
 l - 2 chunks of flesh

Dungeon Overview and Level Annotations

Branches:
Dungeon (2/15)

Altars:

Annotations:
D:2 Robin


Message History

You see here a club.
The hobgoblin shouts!
The goblin shouts! x2; The hobgoblin shouts!
You hit the goblin. You claw the goblin.
The goblin is heavily wounded.
The goblin completely misses you.
Robin roars a battlecry!
The hobgoblin goes into a battle-frenzy!
The goblin hits you but does no damage.
A goblin comes into view. It is wielding a dagger.
The goblin shouts!
You hear a shout!
A goblin comes into view. It is wielding a club.
The goblin shouts!
You hear a shout!
You slash the goblin!
You kill the goblin!
You closely miss Robin. Robin barely misses you.
You closely miss Robin. Robin hits you with a mace.
A goblin and a hobgoblin come into view.
You hit Robin but do no damage. You claw Robin, but do no damage.
You hit the hobgoblin.
The hobgoblin is almost dead.
The hobgoblin hits you. Robin hits you with a mace.
The hobgoblin closely misses you. The hobgoblin misses you.
A goblin comes into view. It is wielding a club.
You are too injured to fight recklessly!
You are too injured to fight recklessly!
You are too injured to fight recklessly!
You are too injured to fight recklessly!
You are too injured to fight recklessly!
You are too injured to fight recklessly!
You are too injured to fight recklessly!
You are too injured to fight recklessly!
You are too injured to fight recklessly!
You are too injured to fight recklessly!
Robin throws the goblin at you! The goblin hits you with a club.
You die...

#$.............##
................#
................#
........[..?....#
!...............#
................#
.......g.%......#
#......<@gg)g..#
##.....#.ggg.gg#
#######...g......
##......##.
#.....g..
#......###
#......# .......#


You could see Robin, 3 hobgoblins and 7 goblins.

Action                   || total
-------------------------++-------
Melee: War axe           ||    34
 Stab: Sleeping          ||     1

Notes
Turn   | Place    | Note
--------------------------------------------------------------
     0 | D:1      | Duffy the Tengu Gladiator began the quest for the Orb.
     0 | D:1      | Reached XP level 1. HP: 12/12 MP: 2/2
   194 | D:1      | Reached XP level 2. HP: 16/18 MP: 3/3
   495 | D:2      | Noticed Robin
   496 | D:2      | Reached skill level 4 in Axes
   503 | D:2      | Slain by a goblin

Vault maps used:
D:1:      dpeg_arrival_prison
D:2:      grunt_temple_overflow_growth_and_decay, lemuel_crystal_altar,
          old_standard_altar, uniq_natasha, uniq_robin, uniq_terence

Vanquished Creatures
  2 giant cockroaches
  2 goblins
  3 hobgoblins
  2 bats
  2 kobolds
  9 rats
20 creatures vanquished.
